[Event "Titled Tuesday Blitz May 24 Late 2022"]
[White "Nozdrachev, Leonid"]
[Black "Zamorano, Jorge"]
[WhiteFideId "24113433"]
[BlackFideId "173770"]
[WhiteElo "2255"]
[BlackElo "2331"]
[Result "1/2-1/2"]
[Round "07"]
[TimeControl "180+1"]
[Date "2022.05.24"]
[WhiteClock "0:01:19"]
[BlackClock "0:00:04"]

1. e4 c5 2. c3 Nf6 3. e5 Nd5 4. d4 cxd4 5. Nf3 Nc6 6. Bc4 Nb6 7. Bb3 d5 8. exd6 Qxd6 9. O-O Be6 10. Bxe6 Qxe6 11. Nxd4 Nxd4 12. cxd4 Qd7 13. Nc3 e6 14. Qf3 Be7 15. Rd1 Rd8 16. Be3 Nd5 17. Nxd5 Qxd5 18. Qxd5 Rxd5 19. Rdc1 Kd7 20. Kf1 Bf6 21. Rc4 Rc8 22. Rb4 b6 23. Ke2 Be7 24. Rb3 b5 25. Rc3 Bb4 26. Rxc8 Kxc8 27. a4 Kb7 28. axb5 Rxb5 29. Kd3 Bd6 30. Ra2 h5 31. h3 g6 32. Kc2 a6 33. b3 f5 34. f4 Bc7 35. Ra4 Bb6 36. Rc4 Ra5 37. Ra4 Rd5 38. Kd3 Rb5 39. Kc4 Rd5 40. Kd3 Rb5 41. Kc4 Rd5 42. Kd3 1/2-1/2


[Site "https://www.chess.com"]

[Event "Titled Tuesday Blitz May 24 Late 2022"]
[White "Olafsson, Helgi"]
[Black "Ronka, Erik"]
[WhiteFideId "2300010"]
[BlackFideId "505080"]
[WhiteElo "2463"]
[BlackElo "2264"]
[Result "0-1"]
[Round "07"]
[TimeControl "180+1"]
[Date "2022.05.25"]
[WhiteClock "0:00:26"]
[BlackClock "0:00:07"]

1. Nf3 d5 2. g3 c6 3. Bg2 Bg4 4. O-O Nd7 5. d3 e6 6. h3 Bh5 7. e4 Bd6 8. Qe2 Ne7 9. g4 Bg6 10. e5 Bc7 11. d4 c5 12. c3 Bb6 13. Be3 Nc6 14. Rd1 cxd4 15. cxd4 O-O 16. Nc3 f6 17. exf6 Qxf6 18. Re1 Rae8 19. Rad1 Kh8 20. h4 h5 21. g5 Qf7 22. Nb5 Qe7 23. Nh2 a6 24. Nc3 Qf7 25. Nf1 Bf5 26. f3 Bc7 27. Qf2 e5 28. dxe5 d4 29. Rxd4 Nxd4 30. Bxd4 Bxe5 31. Rd1 Bxd4 32. Rxd4 Ne5 33. Ng3 Bg6 34. f4 Ng4 35. Qd2 Qe7 36. Nd5 Qc5 37. b4 Qa7 38. Bf3 Ne5 39. Be2 Nc6 0-1


[Site "https://www.chess.com"]

[Event "Titled Tuesday Blitz May 24 Late 2022"]
[White "Oparin, Grigoriy"]
[Black "Maltsevskaya, Aleksandra"]
[WhiteFideId "24125890"]
[BlackFideId "24174041"]
[WhiteElo "2665"]
[BlackElo "2235"]
[Result "1-0"]
[Round "07"]
[TimeControl "180+1"]
[Date "2022.05.24"]
[WhiteClock "0:00:49"]
[BlackClock "0:00:02"]

1. g3 d5 2. Bg2 c6 3. c4 e6 4. Nf3 Nf6 5. b3 Nbd7 6. Bb2 Bd6 7. O-O h5 8. h3 e5 9. cxd5 cxd5 10. d3 Qe7 11. Nc3 a6 12. e3 Nb6 13. a4 Be6 14. a5 Nbd7 15. Ng5 Nb8 16. Re1 Nc6 17. e4 dxe4 18. Nxe6 Qxe6 19. Nxe4 Nxe4 20. Rxe4 Bc5 21. d4 Bxd4 22. Bxd4 Nxd4 23. f4 Nc6 24. fxe5 Rd8 25. Qe2 g6 26. Re3 Nd4 27. Qf2 O-O 28. Qf6 Qxf6 29. exf6 Nc2 30. Rae1 Nxe1 31. Rxe1 Rd3 32. b4 Rxg3 33. Re7 Rb8 34. Kf2 Rb3 35. Bd5 Rb2+ 36. Ke3 Rxb4 37. Bxf7+ Kf8 38. Bxg6 Rb3+ 39. Kf4 Rd8 40. Rf7+ Kg8 41. Rg7+ Kh8 42. Rh7+ Kg8 43. f7+ Kf8 44. Rh8+ Kg7 45. Rxd8 1-0


[Site "https://www.chess.com"]

[Event "Titled Tuesday Blitz May 24 Late 2022"]
[White "Papasimakopoulos, Alexandros"]
[Black "Szente Varga, Fruzsina"]
[WhiteFideId "4244125"]
[BlackFideId "712264"]
[WhiteElo "2340"]
[BlackElo "1994"]
[Result "0-1"]
[Round "07"]
[TimeControl "180+1"]
[Date "2022.05.24"]
[WhiteClock "0:00:14"]
[BlackClock "0:00:22"]

1. d4 Nf6 2. c4 g6 3. Nc3 Bg7 4. e4 d6 5. f3 O-O 6. Nge2 c5 7. d5 e6 8. Ng3 exd5 9. cxd5 h5 10. Bg5 Qb6 11. Qd2 Re8 12. Be2 Nh7 13. Bh4 Nd7 14. f4 Ndf6 15. O-O Ng4 16. Bxg4 Bxg4 17. e5 dxe5 18. f5 c4+ 19. Kh1 Qd4 20. Qc2 g5 21. h3 gxh4 22. Nge4 Bxh3 23. gxh3 Nf6 24. Rae1 Nxd5 25. Nxd5 Qxd5 26. Qg2 Kh8 27. f6 Bh6 28. Qf3 Qd3 29. Nd6 Qxd6 30. Qxh5 Kh7 31. Qxf7+ Kh8 32. Qg6 Qf8 33. Rf5 Re6 34. Rh5 Rxf6 35. Qg2 Qe8 36. Qg4 Qc6+ 37. Qe4 Qxe4+ 38. Rxe4 Kg7 39. Rg4+ Kh7 40. Rxe5 Raf8 41. Rxh4 Kg6 42. Rg4+ Kf7 43. Rxc4 Kg6 44. Rg4+ Kh7 45. Re7+ R8f7 46. Rge4 Bg7 47. Rxf7 Rxf7 48. Re2 Rf1+ 49. Kg2 Rb1 50. b3 Rb2 51. Rxb2 Bxb2 52. Kf3 Kg6 53. Kg4 Bd4 54. Kh4 Kf5 55. Kg3 Be5+ 56. Kf3 Kg5 57. Ke4 Bd6 58. Kd5 Bg3 59. Ke6 Kh4 60. Kd7 b6 61. Kc6 Bf2 62. b4 a5 63. bxa5 bxa5 64. Kb5 Be1 65. a4 Kxh3 66. Kc4 Kg4 67. Kd3 Kf4 68. Kd4 Bb4 69. Kc4 Ke4 70. Kb3 Kd3 71. Kb2 Kc4 72. Ka2 Kc3 73. Kb1 Kb3 74. Ka1 Kxa4 75. Kb1 Kb3 76. Ka1 a4 77. Kb1 a3 78. Ka1 Bc3+ 79. Kb1 a2+ 80. Kc1 a1=Q# 0-1


[Site "https://www.chess.com"]

[Event "Titled Tuesday Blitz May 24 Late 2022"]
[White "Pershin, Denis"]
[Black "Sydoryka, Vladyslav"]
[WhiteFideId "24165506"]
[BlackFideId "14145928"]
[WhiteElo "2275"]
[BlackElo "2283"]
[Result "0-1"]
[Round "07"]
[TimeControl "180+1"]
[Date "2022.05.24"]
[WhiteClock "0:00:01"]
[BlackClock "0:00:42"]

1. d4 Nf6 2. c4 c5 3. d5 e6 4. Nc3 d6 5. e4 g6 6. Nf3 Bg7 7. Bd3 O-O 8. O-O e5 9. Be3 h6 10. Ne1 Ng4 11. Bc1 f5 12. f3 Nf6 13. Be3 f4 14. Bf2 g5 15. Be2 Rf7 16. Nd3 Nbd7 17. b4 b6 18. a4 cxb4 19. Nxb4 Nc5 20. a5 Bd7 21. Nc6 Bxc6 22. dxc6 Qc7 23. axb6 Qxc6 24. Nb5 axb6 25. Rxa8+ Qxa8 26. Qxd6 Qa2 27. Re1 Bf8 28. Qxe5 Qd2 29. Qc3 Qxc3 30. Nxc3 Ra7 31. Nd5 Nfd7 32. Rb1 Ra2 33. Kf1 Na4 34. Bd4 Bc5 35. Bxc5 Ndxc5 36. Ke1 Kf7 37. Rd1 Nb2 38. Rd2 Ra1+ 39. Kf2 Nba4 40. g3 fxg3+ 41. hxg3 g4 42. Ne3 gxf3 43. Bxf3 Nc3 44. Rd4 Ra2+ 45. Kf1 Ke6 0-1


[Site "https://www.chess.com"]

[Event "Titled Tuesday Blitz May 24 Late 2022"]
[White "Pesotskiy, Mikhail"]
[Black "Santos Ruiz, Miguel"]
[WhiteFideId "34164453"]
[BlackFideId "22291482"]
[WhiteElo "2010"]
[BlackElo "2486"]
[Result "1-0"]
[Round "07"]
[TimeControl "180+1"]
[Date "2022.05.24"]
[WhiteClock "0:00:18"]
[BlackClock "0:00:08"]

1. c4 e5 2. g3 h5 3. Nf3 e4 4. Nh4 g5 5. Nf5 d5 6. Ne3 d4 7. Nc2 h4 8. Bg2 f5 9. d3 h3 10. Bf1 Nc6 11. Nd2 Nf6 12. Nb3 e3 13. fxe3 dxe3 14. Bxe3 Ng4 15. Bg1 a5 16. Qd2 a4 17. Nbd4 Bg7 18. e3 a3 19. b3 Nce5 20. Be2 c5 21. Nb5 Bd7 22. Bf2 Bxb5 23. cxb5 Qd5 24. Rg1 O-O-O 25. Nxa3 Nf3+ 26. Bxf3 Qxf3 27. Rc1 Rxd3 28. Qe2 Qxe2+ 29. Kxe2 Rhd8 30. Rxc5+ Kb8 31. Nc4 Bc3 32. Rxf5 Nxh2 33. e4 Ng4 34. Rxg5 h2 35. Rh1 Rd2+ 36. Nxd2 Rxd2+ 37. Kf3 Nxf2 38. Rxh2 Nxe4 39. Rg8+ Ka7 40. Rxd2 Nxd2+ 41. Ke2 Nb1 42. Kd3 Ba1 43. a4 Kb6 44. Rc8 Be5 45. Rc1 Na3 46. g4 Ka5 47. Re1 Bb2 48. Re4 Bg7 49. g5 b6 50. g6 Bf6 51. Rg4 Bg7 52. Re4 Ba1 53. Re1 Bb2 54. Re2 Ba1 55. Re7 Kb4 56. g7 Bxg7 57. Rxg7 Kxb3 58. Ra7 Kb4 59. Kd4 Nc4 60. Kd5 Nb2 61. Kc6 Nxa4 62. Rxa4+ Kxa4 63. Kxb6 Kb4 64. Kc6 Ka5 65. b6 Ka6 66. Kc7 Kb5 67. b7 Kc5 68. b8=Q 1-0


[Site "https://www.chess.com"]

[Event "Titled Tuesday Blitz May 24 Late 2022"]
[White "Petrova, Irina"]
[Black "Zaloznyy, Mike"]
[WhiteFideId "14124122"]
[BlackFideId "2023075"]
[WhiteElo "1993"]
[BlackElo "2003"]
[Result "0-1"]
[Round "07"]
[TimeControl "180+1"]
[Date "2022.05.25"]
[WhiteClock "0:01:55"]
[BlackClock "0:02:08"]

1. e4 c6 2. d4 d5 3. e5 c5 4. dxc5 e6 5. a3 Bxc5 6. b4 Be7 7. Qg4 g6 8. Nf3 a5 9. b5 h5 10. Qf4 Nd7 11. Bb2 Nh6 12. Nbd2 b6 13. Bd3 Bb7 14. O-O Qc7 15. c4 O-O-O 16. cxd5 Bxd5 17. Rac1 Nc5 18. Ne4 Kb8 19. Nc3 Nxd3 20. Qe3 Nxc1 21. Nxd5 Rxd5 22. Rxc1 Bc5 23. Bd4 Nf5 0-1


[Site "https://www.chess.com"]

[Event "Titled Tuesday Blitz May 24 Late 2022"]
[White "Petrovic, Aleksa"]
[Black "Lopez Del Alamo, Antonio"]
[WhiteFideId "967629"]
[BlackFideId "2227339"]
[WhiteElo "2144"]
[BlackElo "2089"]
[Result "0-1"]
[Round "07"]
[TimeControl "180+1"]
[Date "2022.05.25"]
[WhiteClock "0:00:03"]
[BlackClock "0:00:09"]

1. d4 Nf6 2. c4 g6 3. Nc3 Bg7 4. e4 d6 5. Be2 O-O 6. Bg5 c5 7. d5 Qa5 8. Bd2 Qd8 9. Nf3 e6 10. dxe6 Bxe6 11. Bf4 Ne8 12. Qd2 Nc6 13. Bh6 Ne5 14. h4 Bxh6 15. Qxh6 Qf6 16. Ng5 Qg7 17. Qxg7+ Kxg7 18. f4 Nc6 19. h5 Nd4 20. h6+ Kg8 21. b3 f6 22. Nxe6 Nxe6 23. g3 N8c7 24. O-O-O Nd4 25. Bg4 Rfe8 26. Rhe1 a6 27. Ne2 Nxe2+ 28. Rxe2 Rad8 29. e5 dxe5 30. Rxd8 Rxd8 31. fxe5 f5 32. Bf3 b5 33. e6 Re8 34. Bd5 Kf8 35. Kd2 Ke7 36. Kc3 Kd6 37. Rd2 Nxe6 38. cxb5 axb5 39. a4 b4+ 40. Kc4 Nd4 41. Bg2 Re3 42. Rxd4+ cxd4 43. a5 d3 44. a6 d2 45. a7 Re8 46. a8=Q Rxa8 47. Bxa8 d1=Q 48. Kxb4 Qc2 49. Bb7 Qf2 50. Ba6 Qxg3 51. Bc4 Qe5 52. Bg8 Qc5+ 53. Ka4 f4 0-1


[Site "https://www.chess.com"]

[Event "Titled Tuesday Blitz May 24 Late 2022"]
[White "Proudian, Armen"]
[Black "Prieto Aranguren, Alain"]
[WhiteFideId "2130734"]
[BlackFideId "2268906"]
[WhiteElo "2380"]
[BlackElo "2235"]
[Result "0-1"]
[Round "07"]
[TimeControl "180+1"]
[Date "2022.05.25"]
[WhiteClock "0:00:15"]
[BlackClock "0:01:47"]

1. e4 c6 2. d4 d5 3. Nc3 a6 4. Nf3 Bg4 5. h3 Bh5 6. g4 Bg6 7. Bd3 e6 8. Bg5 Qb6 9. exd5 cxd5 10. O-O Nc6 11. Na4 Qa5 12. c3 Nf6 13. b4 Qc7 14. Re1 Ne4 15. Rc1 h5 16. Bxe4 Bxe4 17. Nc5 hxg4 18. hxg4 Bxc5 19. bxc5 Rh3 20. Rxe4 dxe4 21. Ne5 Nxe5 22. Bf4 Nf3+ 23. Qxf3 exf3 24. Bxc7 Kd7 25. Bh2 Rah8 26. Kf1 Rxh2 0-1


[Site "https://www.chess.com"]

[Event "Titled Tuesday Blitz May 24 Late 2022"]
[White "Przybylski, Wojciech"]
[Black "Kosteniuk, Alexandra"]
[WhiteFideId "1117599"]
[BlackFideId "4128125"]
[WhiteElo "2133"]
[BlackElo "2469"]
[Result "1-0"]
[Round "07"]
[TimeControl "180+1"]
[Date "2022.05.25"]
[WhiteClock "0:00:05"]
[BlackClock "0:00:03"]

1. d4 Nf6 2. Nf3 d5 3. g3 c5 4. c3 Nc6 5. Bg2 Ne4 6. O-O g6 7. Ne5 Bg7 8. f3 Nd6 9. Nxc6 bxc6 10. dxc5 Nc4 11. b3 Ne5 12. Be3 h5 13. Bd4 f6 14. Qc2 Bf5 15. e4 dxe4 16. fxe4 Bg4 17. Na3 h4 18. h3 Be6 19. g4 Qc7 20. Rad1 O-O-O 21. Rf2 Bxg4 22. hxg4 h3 23. Bf1 Nxg4 24. Rf3 h2+ 25. Kh1 e5 26. Bf2 Rxd1 27. Qxd1 f5 28. Qe2 Qd7 29. Nc4 Bf8 30. Nd6+ Bxd6 31. cxd6 Kb8 32. Bg3 f4 33. Bf2 Nxf2+ 34. Rxf2 Qxd6 35. Rxh2 Rd8 36. Rg2 Qe6 37. Qg4 Qxg4 38. Rxg4 Rd1 39. Kg1 Rd2 40. Rxg6 Kc7 41. Rg7+ Kb6 42. b4 Rxa2 43. c4 c5 44. Rg6+ Kc7 45. bxc5 Ra5 46. Rg7+ Kc6 47. Bh3 Kxc5 48. Rd7 Kxc4 49. Be6+ Kc3 50. Rd5 Ra1+ 51. Kf2 Ra2+ 52. Kf3 Ra1 53. Rxe5 a5 54. Rc5+ Kb4 55. Rc8 a4 56. Kxf4 a3 57. Ke5 Rh1 58. Rb8+ Ka4 59. Ra8+ Kb4 60. Kd4 Rd1+ 61. Ke5 Rd2 62. Bd5 Rb2 63. Kd6 Rd2 64. e5 Kb5 65. e6 Kb6 66. Rb8+ Ka7 67. Ra8+ Kb6 68. Rxa3 1-0


[Site "https://www.chess.com"]

[Event "Titled Tuesday Blitz May 24 Late 2022"]
[White "Riehle, Marco"]
[Black "Sargsyan, Anna M."]
[WhiteFideId "12904392"]
[BlackFideId "13308130"]
[WhiteElo "2462"]
[BlackElo "2271"]
[Result "1/2-1/2"]
[Round "07"]
[TimeControl "180+1"]
[Date "2022.05.24"]
[WhiteClock "0:01:18"]
[BlackClock "0:00:08"]

1. e4 e5 2. Nf3 Nc6 3. Bc4 Bc5 4. c3 Nf6 5. d4 exd4 6. cxd4 Bb4+ 7. Kf1 O-O 8. d5 Na5 9. Bd3 b6 10. a3 Be7 11. b4 Nb7 12. Nc3 d6 13. h4 Ng4 14. Bf4 f5 15. e5 dxe5 16. Nxe5 Nxe5 17. Bxe5 Nd6 18. Qe2 Bf6 19. f4 a5 20. Re1 axb4 21. axb4 Ra3 22. Qb2 Ra8 23. h5 h6 24. Rh3 Bd7 25. Rg3 Be8 26. Ne2 Bxh5 27. Nd4 Bxe5 28. Rxe5 Rf7 29. Nxf5 Nxf5 30. Rxf5 Qh4 31. Rh3 Qg4 32. Rhxh5 Qd1+ 33. Kf2 Qxd3 34. Rxf7 Kxf7 35. Rh3 Qxd5 36. Qb3 Ra2+ 37. Kg1 Rxg2+ 38. Kf1 Qxb3 39. Rxb3 Rg4 40. Rf3 Ke6 41. Kf2 Kf5 42. Ke3 c5 43. b5 h5 44. Rf1 h4 45. Rd1 h3 46. Rd5+ Ke6 47. Rh5 c4 48. Rxh3 c3 49. Ke4 c2 50. Rc3 Rg2 51. f5+ Kd6 52. Rc6+ Kd7 53. Kf3 Rh2 54. Ke3 Ke7 55. Kf4 Rd2 56. Kg5 Rg2+ 57. Kh5 Kf7 58. Kh4 Kg8 59. Kh3 Rd2 60. Kg4 Kh7 61. Rc7 Kh6 62. Rc8 Rg2+ 63. Kf3 Rh2 64. Kf4 Rf2+ 65. Kg4 Kh7 66. Rc6 Rd2 67. Rc7 Rd4+ 68. Kg5 Rd2 69. f6 Rd5+ 70. Kg4 Rc5 71. Rxc5 bxc5 72. f7 c1=Q 73. f8=Q Qc4+ 74. Kh5 g6+ 75. Kg5 Qd5+ 76. Kf6 Qf5+ 77. Ke7 Qe5+ 78. Kd7 Qd5+ 79. Kc7 c4 80. Qe7+ Kh6 81. b6 c3 82. Qh4+ Kg7 83. Qe7+ Qf7 84. Qxf7+ Kxf7 85. b7 c2 86. b8=Q c1=Q+ 87. Kd7 Qd2+ 88. Kc6 Qc3+ 89. Kd5 Qd3+ 90. Kc5 Qe3+ 91. Kd5 Qe6+ 92. Kc5 Qe7+ 93. Kc4 g5 94. Qh8 Qe4+ 95. Kc5 Qf5+ 96. Kc4 Qe6+ 97. Kb4 Qd6+ 98. Kb3 Qe6+ 99. Ka3 g4 100. Qh7+ Kf6 101. Qh6+ Ke5 102. Qe3+ Kf5 103. Qf2+ Kg5 104. Qc5+ Qf5 105. Qe7+ Kf4 106. Qd6+ Qe5 107. Qh6+ Kf3 108. Qc6+ Qe4 109. Qf6+ Qf4 110. Qc6+ Kg3 111. Ka2 Qf2+ 112. Kb1 Qg1+ 113. Kb2 Qg2+ 114. Qc2 Qxc2+ 115. Ka1 Kf2 1/2-1/2


[Site "https://www.chess.com"]

[Event "Titled Tuesday Blitz May 24 Late 2022"]
[White "Roman, Rodrigo"]
[Black "Richter, Nils"]
[WhiteFideId "3701220"]
[BlackFideId "12990809"]
[WhiteElo "2001"]
[BlackElo "2243"]
[Result "0-1"]
[Round "07"]
[TimeControl "180+1"]
[Date "2022.05.25"]
[WhiteClock "0:00:31"]
[BlackClock "0:01:04"]

1. d4 d5 2. Nf3 Bf5 3. e3 e6 4. Bd3 Bxd3 5. Qxd3 Nf6 6. Nbd2 c5 7. b3 Nc6 8. Bb2 cxd4 9. Nxd4 Nb4 10. Qb5+ Qd7 11. Qxd7+ Kxd7 12. a3 Nc6 13. c4 Be7 14. Ke2 Rhc8 15. Rhd1 Ke8 16. cxd5 Nxd5 17. Nxc6 Rxc6 18. Rac1 Rxc1 19. Rxc1 f6 20. Ne4 Kd7 21. Nc5+ Bxc5 22. Rxc5 b6 23. Rc2 f5 24. Bxg7 Rg8 25. Be5 Rxg2 26. Kf3 Rg1 27. e4 fxe4+ 28. Kxe4 Re1+ 29. Kd4 Rd1+ 30. Kc4 a6 31. a4 Kc6 32. b4 b5+ 33. axb5+ axb5+ 34. Kb3+ Kd7 35. Ra2 Rd3+ 36. Kb2 Rd2+ 37. Kb3 Rxa2 38. Kxa2 Nxb4+ 39. Kb3 Nd5 40. f4 Ke8 41. Kc2 Kf7 42. Kd3 Kg6 43. Kd4 Kf5 44. Kc5 b4 45. Kc4 Nxf4 46. Bxf4 Kxf4 47. Kxb4 e5 48. Kc3 Kf3 49. Kd2 e4 50. Ke1 Ke3 51. h3 h6 52. h4 h5 53. Kf1 Kd2 0-1


[Site "https://www.chess.com"]

[Event "Titled Tuesday Blitz May 24 Late 2022"]
[White "Romero Ruscalleda, Josep"]
[Black "Mangialardo, Tiago Carvalho"]
[WhiteFideId "2231859"]
[BlackFideId "2130718"]
[WhiteElo "2303"]
[BlackElo "2154"]
[Result "1-0"]
[Round "07"]
[TimeControl "180+1"]
[Date "2022.05.25"]
[WhiteClock "0:00:33"]
[BlackClock "0:00:04"]

1. e4 e5 2. Nf3 Nc6 3. Bc4 Bc5 4. c3 Nf6 5. b4 Bb6 6. d3 a6 7. O-O h6 8. Bb3 O-O 9. Nbd2 d5 10. a3 Bg4 11. Qe2 Re8 12. h3 Bh5 13. Bb2 Bg6 14. Rfe1 dxe4 15. dxe4 Qe7 16. Nh4 Bh7 17. Nf5 Bxf5 18. exf5 Rad8 19. Nc4 Ba7 20. Ne3 Rd7 21. Rad1 Red8 22. Rxd7 Qxd7 23. Rd1 Qe7 24. Nd5 Nxd5 25. Bxd5 Kh8 26. Bxc6 Rxd1+ 27. Qxd1 bxc6 28. Qd3 Qd6 29. Qxd6 cxd6 30. Kf1 Kg8 31. Ke2 Kf8 32. f3 Ke7 33. Kd3 h5 34. g4 d5 35. Bc1 Bb8 36. Bg5+ f6 37. Bh4 hxg4 38. hxg4 Kd6 39. Bf2 Bc7 40. Bc5+ Kd7 41. Bf8 Bd8 42. Bxg7 Be7 43. Bh6 Kd6 44. Be3 Kd7 45. Kc2 Kd6 46. Bc5+ Kd7 47. Bxe7 Kxe7 48. Kd3 Kd6 49. Ke3 Ke7 50. a4 Kd6 51. Kd3 c5 52. b5 axb5 53. axb5 c4+ 54. Ke3 Kc5 55. f4 d4+ 56. cxd4+ exd4+ 57. Ke4 c3 58. Kd3 Kxb5 59. g5 Kc6 60. g6 Kd7 61. g7 Ke7 62. g8=Q 1-0


[Site "https://www.chess.com"]

[Event "Titled Tuesday Blitz May 24 Late 2022"]
[White "Sarkar, Justin"]
[Black "Dobre, Claudiu-Cristian"]
[WhiteFideId "2010011"]
[BlackFideId "1211854"]
[WhiteElo "2020"]
[BlackElo "2207"]
[Result "0-1"]
[Round "07"]
[TimeControl "180+1"]
[Date "2022.05.25"]
[WhiteClock "0:00:01"]
[BlackClock "0:00:10"]

1. e4 Nc6 2. Nf3 d6 3. d4 Nf6 4. Nbd2 Bg4 5. Bb5 a6 6. Bxc6+ bxc6 7. h3 Bh5 8. O-O e6 9. Re1 Be7 10. g4 Bg6 11. Nh4 d5 12. Nxg6 hxg6 13. e5 Nd7 14. Kg2 c5 15. c3 cxd4 16. cxd4 c5 17. f4 cxd4 18. Nf3 Nc5 19. Nxd4 Rc8 20. Be3 Qd7 21. Rc1 O-O 22. Re2 f6 23. exf6 Bxf6 24. Rec2 Ne4 25. Nf3 Rxc2+ 26. Qxc2 Rb8 27. b3 Bc3 28. Ng5 Nxg5 29. Qxc3 Ne4 30. Qe5 Rc8 31. Rxc8+ Qxc8 32. Bd4 Qd7 33. f5 gxf5 34. gxf5 exf5 35. Kf3 Nf6 36. Qf4 Kf7 37. Bxf6 Kxf6 38. Qd4+ Kf7 39. Kf4 Qe6 40. Qa7+ Kf6 0-1


[Site "https://www.chess.com"]

[Event "Titled Tuesday Blitz May 24 Late 2022"]
[White "Seletsky, Grigory"]
[Black "Lehtosaari, Mauri"]
[WhiteFideId "14112191"]
[BlackFideId "501999"]
[WhiteElo "2492"]
[BlackElo "2476"]
[Result "1-0"]
[Round "07"]
[TimeControl "180+1"]
[Date "2022.05.25"]
[WhiteClock "0:00:02"]
[BlackClock "0:00:06"]

1. e4 c5 2. Nf3 e6 3. d4 cxd4 4. Nxd4 Bc5 5. Nb3 Bb6 6. Nc3 Ne7 7. Bd3 O-O 8. Qe2 f5 9. Be3 f4 10. Bxb6 Qxb6 11. f3 Nbc6 12. Qf2 Qc7 13. a3 a6 14. O-O b5 15. Rfd1 Ne5 16. Rac1 Bb7 17. Qc5 Qxc5+ 18. Nxc5 Bc6 19. Be2 Rfc8 20. b4 a5 21. Nxb5 axb4 22. axb4 Rcb8 23. c4 Ra2 24. Nc3 Rb2 25. b5 Ba8 26. Nd3 Nxd3 27. Rxd3 d5 28. cxd5 exd5 29. exd5 Nxd5 30. Nxd5 Bxd5 31. Bf1 Bf7 32. Rd7 Be8 33. Rd4 Bxb5 34. Rxf4 Bxf1 35. Kxf1 R2b7 36. h4 g6 37. Kf2 Rd8 38. Re1 Kg7 39. Re2 Rc7 40. Kg3 Rdd7 41. Rfe4 Rb7 42. Re5 Rf7 43. h5 gxh5 44. Rxh5 h6 45. Re6 Kg8 46. Rhxh6 Rg7+ 47. Reg6 Kf7 48. Rxg7+ Kxg7 49. Rc6 Rd7 50. f4 Rd2 51. Kf3 Rd3+ 52. Kg4 Kf7 53. g3 Ra3 54. f5 Rb3 55. Kf4 Ra3 56. g4 Ra8 57. Rc7+ Kf8 58. Kg5 Kg8 59. Kg6 Rf8 60. f6 Ra8 61. Rg7+ Kf8 62. Rh7 Kg8 63. f7+ Kf8 64. Rh8+ Ke7 65. Rxa8 Ke6 66. f8=Q 1-0


[Site "https://www.chess.com"]

[Event "Titled Tuesday Blitz May 24 Late 2022"]
[White "Senthilkumar, Pranav"]
[Black "Ezat, Mohamed"]
[WhiteFideId "2083477"]
[BlackFideId "10600906"]
[WhiteElo "2422"]
[BlackElo "2386"]
[Result "0-1"]
[Round "07"]
[TimeControl "180+1"]
[Date "2022.05.25"]
[WhiteClock "0:01:54"]
[BlackClock "0:00:30"]

1. Nf3 Nf6 2. g3 g6 3. Bg2 Bg7 4. O-O O-O 5. c3 d6 6. d4 Nc6 7. Bf4 Bg4 8. Nbd2 Re8 9. h3 Bxf3 10. Nxf3 e5 11. dxe5 dxe5 12. Be3 Nd5 13. Bc5 e4 14. Nd4 Nxd4 15. Bxd4 c6 16. Bxg7 Kxg7 17. Qd4+ Qf6 18. Rad1 Rad8 19. Bxe4 Nxc3 20. Qxc3 Qxc3 21. bxc3 Rxd1 22. Rxd1 Rxe4 23. Kf1 Ra4 24. Rd2 Ra3 25. Rb2 b6 26. Rc2 Kf6 27. e3 Ke5 28. Ke2 Kd5 29. Kd3 c5 30. e4+ Kc6 31. f4 b5 32. e5 Kd5 33. Re2 b4 34. Rc2 c4+ 35. Ke3 b3 36. axb3 cxb3 37. Rd2+ Kc4 38. Rd7 b2 39. Rb7 Rb3 40. Rc7+ Kd5 41. Rd7+ Kc5 42. Rc7+ Kb6 43. Rxf7 b1=Q 44. Kf3 Qd1+ 45. Ke4 Qe2+ 46. Kd5 Rxc3 47. g4 Qc4+ 48. Kd6 Qxf7 0-1


[Site "https://www.chess.com"]

[Event "Titled Tuesday Blitz May 24 Late 2022"]
[White "Sibilio, Mario"]
[Black "Roque Sola, Gisela"]
[WhiteFideId "800422"]
[BlackFideId "5120241"]
[WhiteElo "2296"]
[BlackElo "1863"]
[Result "1-0"]
[Round "07"]
[TimeControl "180+1"]
[Date "2022.05.25"]
[WhiteClock "0:00:47"]
[BlackClock "0:01:31"]

1. e4 e6 2. d4 d5 3. e5 c5 4. c3 Nc6 5. Nf3 Bd7 6. Bd3 Nh6 7. O-O cxd4 8. cxd4 Nf5 9. Bxf5 exf5 10. Nc3 Be6 11. Ne2 Be7 12. Nf4 O-O 13. g3 Rc8 14. h4 Qb6 15. b3 Bb4 16. Be3 Ne7 17. a3 Bc3 18. Rc1 Bb2 19. Rxc8 Rxc8 20. a4 Bc3 21. Ng5 Ng6 22. Qh5 h6 23. Ngxe6 Nxf4 24. Nxf4 Bxd4 25. Qxf5 Bxe3 26. Qxc8+ 1-0


[Site "https://www.chess.com"]

[Event "Titled Tuesday Blitz May 24 Late 2022"]
[White "Silva, Pedro Gil Ferreira Da"]
[Black "Adewumi, Tanitoluwa"]
[WhiteFideId "1946102"]
[BlackFideId "30966396"]
[WhiteElo "1863"]
[BlackElo "2513"]
[Result "1/2-1/2"]
[Round "07"]
[TimeControl "180+1"]
[Date "2022.05.25"]
[WhiteClock "0:00:21"]
[BlackClock "0:00:04"]

1. e4 c5 2. Nf3 e6 3. d4 cxd4 4. Nxd4 Nc6 5. Nc3 Qc7 6. g3 a6 7. Bg2 d6 8. O-O Be7 9. Re1 Bd7 10. a4 Nf6 11. Nb3 O-O 12. f4 Rad8 13. Be3 Be8 14. Qe2 h5 15. Rad1 Ng4 16. Bc1 Na5 17. Nxa5 Qb6+ 18. Kh1 Qxa5 19. h3 Nf6 20. Be3 d5 21. exd5 exd5 22. Bd4 Bb4 23. Bxf6 gxf6 24. Qxh5 d4 25. Qg4+ Kh8 26. f5 dxc3 27. Rxd8 Qxd8 28. Qxb4 Bc6 29. Qxc3 Bxg2+ 30. Kxg2 Qd5+ 31. Kh2 Qxf5 32. Re2 Kg7 33. Qe3 Rd8 34. Rf2 Qg6 35. h4 Rd5 36. Qf4 b5 37. a5 b4 38. b3 Rb5 39. g4 Rxa5 40. h5 Qg5 41. Qxg5+ Rxg5 42. Kg3 a5 43. Kh4 Rc5 44. h6+ Kg6 45. h7 Rc8 46. Kg3 Rh8 47. Rf5 Kxh7 48. Rxa5 Rc8 49. Rb5 Rc3+ 50. Kf4 Rxc2 51. Rxb4 Kg6 52. Rb5 Rc3 53. b4 Rc4+ 54. Kf3 Rc3+ 55. Kf4 Rc4+ 56. Kg3 Rc3+ 57. Kh4 Rc2 58. Rf5 Rc4 59. b5 Rb4 60. Rc5 Ra4 61. b6 Rb4 62. Rc6 Ra4 63. Kg3 Rb4 64. Rd6 Rb3+ 65. Kf4 Rb4+ 66. Ke3 Kg5 67. Kd3 Rxg4 68. b7 Rb4 69. Rd7 Kg6 70. Kc3 Rb6 71. Kc4 f5 72. Kc5 Rb1 73. Kc6 f4 74. Rd6+ Kg5 75. Rd5+ Kg4 76. Rb5 Rc1+ 77. Kd6 Rd1+ 78. Ke5 Rd8 79. b8=Q Rxb8 80. Rxb8 f3 81. Rg8+ Kh3 82. Kf4 f2 83. Rh8+ Kg2 84. Rg8+ Kh2 85. Rh8+ Kg2 86. Rg8+ Kh3 87. Rg3+ Kh2 88. Rf3 Kg2 89. Rg3+ Kh2 90. Rf3 Kg1 91. Rg3+ Kh1 92. Rf3 Kg2 93. Rg3+ Kf1 94. Ke3 Ke1 95. Rf3 f1=Q 96. Rxf1+ Kxf1 97. Kf4 Kf2 98. Kf5 Ke2 99. Kf6 Kf2 100. Kxf7 1/2-1/2


[Site "https://www.chess.com"]

[Event "Titled Tuesday Blitz May 24 Late 2022"]
[White "Sjugirov, Sanan"]
[Black "Bryakin, Mikhail"]
[WhiteFideId "4189302"]
[BlackFideId "4165314"]
[WhiteElo "2602"]
[BlackElo "2417"]
[Result "1/2-1/2"]
[Round "07"]
[TimeControl "180+1"]
[Date "2022.05.24"]
[WhiteClock "0:00:02"]
[BlackClock "0:00:05"]

1. e4 c5 2. Nc3 Nc6 3. Nge2 g6 4. d4 cxd4 5. Nxd4 Bg7 6. Be3 Nf6 7. Bc4 O-O 8. Bb3 Na5 9. O-O Nxb3 10. axb3 d6 11. h3 Bd7 12. f4 a6 13. Qd3 Rc8 14. Rad1 Ne8 15. Kh1 Nc7 16. f5 Nb5 17. Ndxb5 axb5 18. Nd5 Bc6 19. c3 Bxd5 20. exd5 Qd7 21. Rde1 Rfe8 22. Bd4 Bf6 23. Rf3 Kg7 24. Ref1 Bxd4 25. Qxd4+ f6 26. Re3 Rf8 27. Re6 g5 28. Rfe1 Rf7 29. R1e4 Ra8 30. Kh2 Ra2 31. Re2 Ra1 32. Qe3 Kf8 33. c4 Rf1 34. Qd3 Rf4 35. g3 Rf1 36. c5 dxc5 37. d6 exd6 38. Rxd6 Qc7 39. Qd5 Kg7 40. Rd8 Rxf5 41. Qd2 Re5 42. Rf2 Qe7 43. Rd3 c4 44. bxc4 bxc4 45. Rdf3 b5 46. Qd4 h6 47. Qg4 Re4 48. Qf5 Qe5 49. Qc8 Re3 50. Rxe3 Qxe3 51. Rg2 Qe5 52. Qc6 Re7 53. Qf3 h5 54. Qxh5 Qe4 55. h4 Qg6 56. Qg4 Qe4 57. Qh5 Qg6 58. Qg4 Re4 59. Qd7+ Qf7 60. Qxb5 Re5 61. Qc6 Qe6 62. Qc7+ Qf7 63. Qd6 Qe6 64. Qc7+ Qf7 65. Qc6 Qe6 66. Qb7+ Qf7 67. Qf3 Qd5 68. Qg4 Qe6 69. Qd4 Re4 70. Qa7+ Qe7 71. Qf2 Qe5 72. Qa7+ Qe7 73. Qb6 Qe6 74. Qb7+ Qe7 75. Qd5 Qe5 76. Qd7+ Qe7 77. Qf5 Qe5 78. Qd7+ Qe7 79. Qc6 Qe6 80. Qc5 Qe5 81. Qa7+ Qe7 1/2-1/2


[Site "https://www.chess.com"]